Map: Ulrena

Players

Mindele - Winner!

  • Race: Terran Terran
  • League: Bronze

A.I. 1 (Easy)

  • Race: Zerg Zerg

VOD

Have the link to the VOD?

Description

Time

  • Played on: May 14, 2016, 5:36 p.m.
  • Length: 6:59
Show
View Real Time Build Order
Export as new Build Order

Mindele Terran - Winner!

Build Orders:  

Get SALT Encoding   

  12  0:01  SCV  
  13  0:13  SCV  
  14  0:18  Supply Depot  
  14  0:25  SCV  
  15  0:40  SCV  
  16  0:43  Barracks  
  16  0:53  Barracks  
  16  0:56  SCV  
  17  1:05  Refinery  
  17  1:08  SCV  
  18  1:20  SCV  
  19  1:30  Barracks  
  19  1:36  Orbital Command  
  19  1:42  Marine  
  20  1:53  Supply Depot  
  20  1:56  Marine  
  21  2:03  SCV  
  21  2:07  Marine  
  23  2:16  Supply Depot, SCV  
  23  2:22  Marine  
  25  2:23  Reaper  
  25  2:28  Marine, SCV  
  28  2:38  Supply Depot  
  28  2:40  SCV  
  28  2:41  Marine  
  30  2:50  Barracks  
  30  2:53  SCV  
  30  2:55  Marine  
  30  2:58  Marine  
  33  3:11  SCV  
  34  3:15  Supply Depot  
  34  3:22  Barracks  
  34  3:23  SCV  
  34  3:25  Marine x2  
  34  3:26  Marine  
  38  3:35  SCV  
  39  3:48  SCV  
  40  3:49  Marine x2  
  40  3:50  Marine  
  40  3:52  Marine  
  44  4:00  Supply Depot, SCV  
  45  4:09  Marine  
  46  4:10  Marine  
  46  4:11  Marine  
  46  4:12  Marine x2, SCV  
  51  4:24  Supply Depot, SCV  
  51  4:27  Marine  
  51  4:28  Marine  
  51  4:29  Marine x2  
  51  4:30  Marine  
  57  4:36  SCV  
  58  4:46  Supply Depot  
  58  4:49  SCV  
  58  4:50  Marine  
  58  4:51  Marine  
  58  4:52  Marine x2  
  63  4:54  Marine  
  64  5:01  SCV  
  65  5:09  Supply Depot  
  65  5:13  Marine x2  
  65  5:14  Marine x3  
  68  5:17  SCV  
  71  5:29  SCV  
  71  5:31  Marine x2  
  71  5:33  Supply Depot  
  74  5:49  Marine x4  
  75  5:51  Marine  
  77  6:09  Marine x2  
  77  6:10  Marine x3  
  82  6:12  SCV  
  82  6:16  Supply Depot  
  83  6:24  SCV  
  84  6:27  Marine x3  
  84  6:28  Marine x2  
  89  6:36  SCV  
  89  6:39  Supply Depot  
Show
View Real Time Build Order
Export as new Build Order

A.I. 1 (Easy) Zerg 

Build Orders: Pool Only 

Get SALT Encoding   

  12  0:00  Drone  
  13  0:12  Overlord  
  13  0:17  Drone  
  14  0:30  Drone  
  14  0:35  Drone  
  16  0:42  Spawning Pool  
  16  0:45  Drone  
  16  0:48  Extractor  
  15  0:51  Drone  
  16  0:58  Overlord  
  16  1:31  Queen, Zergling x2  
  19  1:33  Roach Warren  
  19  1:35  Extractor  
  19  1:36  Drone  
  18  1:42  Zergling x2, Drone  
  21  1:54  Zergling x2  
  21  2:05  Zergling x2  
  22  2:14  Overlord  
  22  2:25  Zergling x2  
  23  2:36  Zergling x2  
  24  2:38  Drone  
  24  2:43  Drone  
  26  2:47  Drone  
  26  2:48  Roach  
  29  2:58  Overlord  
  29  3:10  Roach, Drone  
  32  3:14  Drone  
  33  3:20  Drone  
  34  5:28  Zergling x2  
  30  5:37  Queen  
  30  5:38  Overlord  
  30  5:39  Zergling x2  
  30  5:48  Drone  
  25  5:51  Zergling x2  
  25  5:54  Drone  
  25  5:58  Drone  
  25  5:59  Overlord  
  21  6:10  Spawning Pool  
  9  6:16  Drone  
Tags
 
League
Bronze
Matchup
TvZ
Opening
Pool Only
Add a new tag
Caveats
  • Supply blocks, unpowered buildings, or Contaminate may cause inaccurate times.
  • Supply counts are checked every 10 seconds.